 Dungeon Crawl Stone Soup version 0.30.1-9-gdf580d7c3d (webtiles) character file.

Game seed: 8104773115898380905

406 jagang the Shield-Bearer (level 7, -8/53 HPs)
             Began as a Human Fighter on Sept 28, 2023.
             Mangled by an ogre
             ... wielding a +0 giant club
              (18 damage)
             ... on level 5 of the Dungeon.
             The game lasted 00:10:22 (2773 turns).

jagang the Shield-Bearer (Human Fighter)            Turns: 2773, Time: 00:10:23

Health: -8/53      AC: 14    Str: 18    XL:     7   Next: 12%
Magic:  7/7        EV:  5    Int:  9    God:
Gold:   239        SH:  6    Dex: 18    Spells: 6/6 levels left

rFire   . . .        a - +0 long sword
rCold   . . .        c - +0 buckler
rNeg    . . .        G - +0 plate armour
rPois   .            j - +0 helmet
rElec   .            y - scarf {harm}
rCorr   .            (no gloves)
SInv    .            H - +0 pair of boots
Will    +....        g - amulet of regeneration Stlth
                     q - +6 ring of dexterity
HPRegen 1.08/turn    r - ring of willpower
MPRegen 0.10/turn

%: harm (+30% outgoing, +20% incoming)
@: no status effects
A: no striking features
a: no special abilities


You were on level 5 of the Dungeon.
You visited 1 branch of the dungeon, and saw 5 of its levels.

You collected 239 gold pieces.

Inventory:

Hand Weapons
 a - a +0 long sword (weapon)
Missiles
 b - 4 datura-tipped darts
 f - 4 boomerangs
 l - 3 poisoned darts (quivered)
 F - a boomerang of dispersal
Armour
 c - a +0 buckler (worn)
 j - a +0 helmet (worn)
 y - a scarf of harm (worn)
 G - a +0 plate armour (worn)
 H - a +0 pair of boots (worn)
Jewellery
 g - an amulet of regeneration (around neck)
 q - a +6 ring of dexterity (left hand)
 r - a ring of willpower (right hand)
 v - a ring of flight
Wands
 z - a wand of quicksilver (9)
 A - a wand of mindburst (17)
Scrolls
 d - a scroll of brand weapon {unknown}
 e - a scroll of vulnerability {unknown}
 h - 3 scrolls of identify {unknown}
 k - a scroll of enchant armour {unknown}
 m - 3 scrolls of immolation {unknown}
 n - a scroll of noise {unknown}
 s - 2 scrolls of blinking {unknown}
 w - a scroll of poison {unknown}
 x - 2 scrolls of fear {unknown}
 C - a scroll of amnesia {unknown}
 D - a scroll of magic mapping {unknown}
Potions
 i - 3 potions of curing {unknown}
 o - a potion of heal wounds {unknown}
 p - 2 potions of might
 t - 2 potions of mutation {unknown}
 u - a potion of resistance {unknown}
 B - a potion of experience {unknown}
 E - 2 potions of brilliance {unknown}


   Skills:
 + Level 3.7 Fighting
 * Level 4.0 Long Blades
 + Level 2.2 Throwing
 + Level 3.8 Armour
 * Level 4.7 Shields
 + Level 1.2 Evocations


You had 6 spell levels left.
You didn't know any spells.
Your spell library contained the following spells:

 Spells                   Type           Power      Damage    Failure   Level
 Kiss of Death            Conj/Necr      0%         2d5       100%        1
 Confusing Touch          Hex            0%         N/A       100%        3
 Dispel Undead            Necr           0%         3d6       100%        4


Dungeon Overview and Level Annotations

Branches:
Dungeon (5/15)
 Temple: D:4-7

Altars:

Shops:
D:1 :   D:5 ?


Message History

The bullfrog is almost dead.
You block the bullfrog's attack.
The bullfrog hits you but does no damage.
You slash the bullfrog!
You kill the bullfrog!
Your Long Blades skill increases to level 4!
You have reached level 7!
You see here a bullfrog corpse.
Found Urocwaux's Magic Scroll Emporium.
h - 2 scrolls labelled JUOPHI MOIMATA (gained 1)
h - 3 scrolls labelled JUOPHI MOIMATA (gained 1) Throw: 6 darts (poison)
Press: ? - help, Q - select action, (/) - cycle Shift-Dir - straight line, f - ogre
Aim: an ogre, wielding a +0 giant club (lightly wounded, 77% to hit)
You throw a poisoned dart.
The poisoned dart closely misses the ogre.
Throw: 5 darts (poison)
Press: ? - help, Q - select action, (/) - cycle Shift-Dir - straight line, f/p - ogre
Aim: an ogre, wielding a +0 giant club (lightly wounded, 77% to hit)
You throw a poisoned dart. The poisoned dart hits the ogre.
The ogre is poisoned.
The ogre is lightly wounded.
You hit the ogre.
The ogre is moderately wounded.
The ogre hits you with a +0 giant club!!
Ouch! That really hurt!
The ogre attacks as you move away! The ogre hits you with a +0 giant club.
You see here a bullfrog corpse.
The ogre looks more healthy.
Throw: 4 darts (poison)
Press: ? - help, Q - select action, (/) - cycle Shift-Dir - straight line, f/p - ogre
Aim: an ogre, wielding a +0 giant club (heavily wounded, 77% to hit)
You throw a poisoned dart. The poisoned dart hits the ogre.
The ogre is heavily wounded.
The ogre attacks as you move away!
The ogre hits you with a +0 giant club!!
Ouch! That really hurt!
* * * LOW HITPOINT WARNING * * *
The ogre attacks as you move away! The ogre hits you with a +0 giant club!
You die...

## #. #. ####.
##########.>..
####...(.........
####....#########.#.
##.O@.#### #.#.
#####..#### ##.##
######..(..## #..#
#......##########
#.##
....#####†........#
#.# . #O........#
#.# #.........###.
#.# #..............
##.# #.........###..
#..#


You could see an ogre.

Vanquished Creatures
  A centaur (D:5)
  A bullfrog (D:5)
  A hound (D:4)
  Terence (D:2)
  2 orc wizards (D:4)
  Robin (D:2)
  6 adders
  3 worms
  3 orcs
  6 ball pythons
  6 endoplasms
  6 giant cockroaches
  7 hobgoblins
  3 jackals (D:1)
  4 kobolds
  A quokka (D:3)
  7 bats
  4 frilled lizards
  19 goblins
  2 rats (D:3)
84 creatures vanquished.

Notes
Turn   | Place    | Note
-------+----------+-------------------------------------------
     0 | D:1      | jagang the Human Fighter began the quest for the Orb.
     0 | D:1      | Reached XP level 1. HP: 18/18 MP: 1/1
   105 | D:1      | Reached XP level 2. HP: 22/24 MP: 2/2
   513 | D:1      | Found a faded altar of an unknown god.
   572 | D:1      | Reached XP level 3. HP: 29/29 MP: 3/3
   653 | D:1      | Found Goontae's Book Boutique.
   919 | D:2      | Noticed Robin
   942 | D:2      | Killed Robin
   943 | D:2      | Reached XP level 4. HP: 30/35 MP: 4/4
   982 | D:2      | Noticed Terence
  1022 | D:2      | Killed Terence
  1023 | D:2      | Reached skill level 1 in Throwing
  1118 | D:2      | You fall into a shaft and drop 2 floors!
  1185 | D:3      | Reached XP level 5. HP: 34/41 MP: 5/5
  2343 | D:4      | Reached XP level 6. HP: 44/47 MP: 6/6
  2620 | D:5      | Entered Level 5 of the Dungeon
  2660 | D:5      | Reached skill level 1 in Evocations
  2695 | D:5      | Noticed an ogre
  2743 | D:5      | Reached XP level 7. HP: 46/53 MP: 7/7
  2745 | D:5      | Found Urocwaux's Magic Scroll Emporium.
  2773 | D:5      | Mangled by an ogre

Illustrated notes

Levels and vault maps discovered:
D:1:      ncdulo_smallfort, layout_basic, serial_shops, shop,
          shapermc_ecumenical_altar_mp_urbaneastern
D:2:      layout_basic, uniq_terence, uniq_robin
D:3:      cheibrodos_old_hovel, layout_basic
D:4:      layout_rooms
D:5:      layout_rooms, lemuel_coloured_pillars_altar,
          mainiacjoe_overflow_24_doors, serial_shops, shop

Skill      XL: |  1  2  3  4  5  6 |
---------------+-------------------+-----
Long Blades    | 3 4 |  4.0
Throwing       | 1 2 |  2.2
Shields        | 4 |  4.7
Evocations     | 1 |  1.2
Fighting       | |  3.7
Armour         | |  3.8

Action                     |  1- 3 |  4- 6 |  7- 9 || total
---------------------------+-------+-------+-------++-------
  Melee: Long sword        |   126 |   153 |     1 ||   280
  Throw: Boomerang         |     2 |     6 |       ||     8
         Dart              |       |       |     3 ||     3
  Evoke: Wand              |       |     2 |       ||     2
    Use: Potion            |       |     2 |       ||     2
 Armour: Scale mail        |    83 |    77 |       ||   160
         Plate armour      |       |    15 |       ||    15
  Dodge: Dodged            |    57 |    64 |       ||   121
  Block: Buckler           |    36 |    46 |       ||    82
